Arrhythmia, chaotic female vampiric Convict --------- ------- |.......| |.....| ---------- |.^.....| |......# |........| -------- |........##0#########-..^..|# |........| |......| |.......| ###-------# |........| |.....{| -.---|--- # ######## #.......%.| #####.......| % # ### # # ###-------|-- |%.....| ### # # # ### # # ------.- # # ### # ### # # #################)########### ### # ######### ### ### #----|---- # --%---- # # #|.......| ### |..%..| ### ### #|.......| # |.....| # # &|.......| ---.---- ##......| -|------### @|.......| |.....%| # |.....| |....(>|# &&&......| |{....<| ### |.....| |....`.|# |.......| |.....%| # ------- |.......# --------- |(......###### -------- ----|--- # Arrhythmia the Jail-bird Experience level: 6 Strength: 25 Dexterity: 11 Constitution: 20 Intelligence: 12 Wisdom: 9 Charisma: 8 Health: 0(73) Energy: 37(37) AC: 1 Gold: 1049 Moves: 3172 Your Inventory: Coins $ - 1049 gold pieces Weapons d - an [uncursed +0] crude dagger [orcish] Armor b - a cursed +0 striped shirt e - an [uncursed] +0 iron skull cap [orcish helm] (being worn) o - a [blessed] +2 banded mail of power (being worn) t - an [uncursed +0] mummy wrapping Comestibles h - an [uncursed] Hot Futa Mare Dick Scrolls i - an [uncursed] scroll labeled ZELGO MER [of magic mapping] m - an [uncursed] scroll of teleportation Potions k - a [cursed] yellow potion [of see invisible] Wands j - an [uncursed] wand of magic missile [0:0] Tools u - an [uncursed] looking glass [mirror] Gems s - an [uncursed] yellow gem [worthless glass] Iron balls c - an [uncursed] heavy iron ball (weapon in hand) Spells known in the end: Name Level Category Fail Memory Your skills at the end: Fighting Skills Weapon Skills sling [Basic / Skilled] Spellcasting Skills Final Attributes: You were piously aligned. Hunger level was 522. Your alignment was 24 / 25. Monster difficulty range was 0 - 5. Level difficulty was 4. You were immune to level-drain. You were immune to sickness. You could fly. You could survive without air. You regenerated. Your luck was zero. You are dead. Vanquished creatures: a mountain nymph a rock piercer 3 enormous rats 2 rock moles a floating eye a kobold lord 2 hill orcs 2 rothes a giant bat a dwarf zombie an iguana 2 acid blobs 13 manes a large kobold a giant rat a green mold a gecko a jackal a fox 3 goblins 4 sewer rats 8 grid bugs 4 lichens 3 newts 59 creatures vanquished. Voluntary challenges: You went without food. You never hit with a wielded weapon. You read items or engraved 3 times. You put on armor 8 times. You never genocided any monsters. You never polymorphed an object. You never changed form. You used no wishes. You abstained from Elbereth's help. You encountered 1 bones level. You never used any Sokoban shortcuts. Dungeon overview: The Dungeons of Doom: levels 1 to 6 Level 1 a long staircase Level 2 an altar a long staircase Level 3 a general store, a fountain Level 4 <- You were here some fountains Level 5 (Ninfa) Level 6 a sink History has recorded: On T:1 you entered the Dungeons of Doom to retrieve the Amulet of Yendor! On T:300 you advanced to experience level 2. On T:374 you reached level 2 of The Dungeons of Doom. On T:812 you advanced to experience level 3. On T:928 you reached level 3 of The Dungeons of Doom. On T:1187 you reached level 4 of The Dungeons of Doom. On T:1188 you advanced to experience level 4. On T:1319 you advanced to experience level 5. On T:1544 you reached level 5 of The Dungeons of Doom. On T:1777 you advanced to experience level 6. On T:1942 you reached level 6 of The Dungeons of Doom. Latest messages: You miss the water demon. (2x) The water demon swings his long sword. The water demon hits! (2x) The water demon misses. The water demon hits! (2x) The water demon bites! [HP-12=37] You miss the water demon. You bite the water demon. The water demon swings his long sword. The water demon hits! (2x) The water demon bites! The water demon hits! (2x) The water demon bites! [HP-19=18] You miss the water demon. (2x) The vrock hits! (2x) The vrock misses. The vrock hits! The vrock misses. The water demon swings his long sword. The water demon hits! You die... Final status: Goodbye Arrhythmia the Convict... You died in The Dungeons of Doom on dungeon level 4 with 2779 points, and 1049 pieces of gold, after 3172 moves. You were level 6 with a maximum of 73 hit points when you died.